 Dungeon Crawl Stone Soup version 0.20-a0-1006-ge6c5631 (webtiles) character file.

4 M4edhros the Grave Robber (level 1, -3/11 HPs)
             Began as an Octopode Necromancer on Apr 13, 2017.
             Killed from afar by a dart slug (4 damage)
             ... with a slug dart
             ... on level 1 of the Dungeon.
             The game lasted 00:00:30 (96 turns).

M4edhros the Grave Robber (Octopode Necromancer)      Turns: 96, Time: 00:00:30

Health: -3/11      AC:  1    Str:  7    XL:     1   Next: 60%
Magic:  0/3        EV: 13    Int: 17    God:
Gold:   48         SH:  0    Dex: 12    Spells: 2/4 levels left

rFire    . . .     SeeInvis .     - Unarmed
rCold    . . .     Gourm    .   (no shield)
rNeg     . . .     Faith    .   (helmet restricted)
rPois    .         Spirit   .   (no amulet)
rElec    .         Reflect  .   (no ring)
rCorr    .         Harm     .   (no ring)
MR       .....                  (no ring)
Stlth    +++.......             (no ring)
Regen    0.1/turn               (no ring)
MPRegen  0.1/turn               (no ring)
                                (no ring)
                                (no ring)

@: no status effects
A: almost no armour, stealthy swim, amphibious, 8 rings, constrict 8, camouflage
1, gelatinous body 1
a: no special abilities


You were on level 1 of the Dungeon.
You were not hungry.

You visited 1 branch of the dungeon, and saw 1 of its levels.

You collected 48 gold pieces.

Inventory:

Scrolls
 c - a scroll of identify {unknown}
 d - a scroll of amnesia {unknown}
Books
 a - a book of Necromancy

   Spells                             Type                      Level
   a - Pain                           Necromancy                   1
   b - Animate Skeleton               Necromancy                   1
   c - Vampiric Draining              Necromancy                   3
   d - Regeneration                   Charms/Necromancy            3
   e - Animate Dead                   Necromancy                   4
   f - Control Undead                 Necromancy                   4
Comestibles
 b - a bread ration
 f - 2 chunks of flesh


   Skills:
 - Level 2.0 Dodging
 - Level 2.6 Stealth
 + Level 1.1 Unarmed Combat
 - Level 2.0 Spellcasting
 - Level 4.0 Necromancy


You had 2 spell levels left.
You knew the following spells:

 Your Spells              Type           Power        Failure   Level  Hunger
a - Pain                  Necr           ###.         3%          1    #......
b - Animate Skeleton      Necr           N/A          3%          1    #......


Dungeon Overview and Level Annotations

Branches:
Dungeon (1/15)

Altars:


Innate Abilities, Weirdness & Mutations

You cannot wear most types of armour.
You are very stealthy in the water. (Stealth+)
You are amphibious.
You can wear up to eight rings at the same time.
You can use your tentacles to constrict eight enemies at once.
Your skin changes colour to match your surroundings (Stealth+).
Your rubbery body absorbs attacks. (AC +1, EV +1)


Message History

Your bat skeleton hits the dart slug.
Your bat skeleton hits the dart slug but does no damage. x2
The dart slug launches a dart at you. The slug dart hits your bat skeleton.
Your bat skeleton hits the dart slug but does no damage. x6
Your bat skeleton hits the dart slug.
Your bat skeleton hits the dart slug but does no damage. x3
The dart slug launches a dart at your bat skeleton.
The slug dart hits your bat skeleton.
Your bat skeleton is destroyed!
Your bat skeleton hits the dart slug but does no damage.
Your bat skeleton hits the dart slug.
Your bat skeleton hits the dart slug but does no damage.
Your bat skeleton hits the dart slug.
The dart slug launches a dart at your bat skeleton.
The slug dart hits your bat skeleton.
Your bat skeleton is destroyed!
The dart slug launches a dart at you. The slug dart hits you!
You die...

##.. .... ... .#
######## #
##......## #
##........## #
#..........# #####
#..........# ....###
#.......@..#
###...###..........#
###..............#
######........##
#(....!..#
............#
##..........#
#........w.#
#..........#


You could see a dart slug.

Vanquished Creatures
  A giant cockroach (D:1)
  A kobold (D:1)
  2 bats (D:1)
  A goblin (D:1)
5 creatures vanquished.

Notes
Turn   | Place    | Note
-------+----------+-------------------------------------------
     0 | D:1      | M4edhros the Octopode Necromancer began the quest for the Orb.
     0 | D:1      | Reached XP level 1. HP: 11/11 MP: 3/3
    16 | D:1      | Learned a level 1 spell: Animate Skeleton
    74 | D:1      | Reached skill level 1 in Unarmed Combat
    96 | D:1      | Killed from afar by a dart slug

Vault maps used:
D:1:      mrwooster_arrival_statue

Skill      XL: |  1 |
---------------+----+-----
Unarmed Combat | 1 |  1.1
Dodging        | |  2.0
Stealth        | |  2.6
Spellcasting   | |  2.0
Necromancy     | |  4.0

Action                   || total
-------------------------++-------
Melee: Unarmed           ||    13
       Constrict         ||     3
       Tentacles         ||     1
 Cast: Pain              ||     3
       Animate Skeleton  ||     2
Dodge: Dodged            ||     8
